 Dungeon Crawl Stone Soup version 0.28-a0-1638-g9123634e07 (webtiles) character file.

Game seed: 12862760589889659728

21 lessens the Ruffian (level 2, 0/22 HPs)
             Began as a Palentonga Transmuter on Jan 25, 2022.
             Succumbed to an adder's poison
             ... on level 2 of the Dungeon.
             The game lasted 00:01:41 (1436 turns).

lessens the Ruffian (Palentonga Transmuter)         Turns: 1436, Time: 00:01:42

Health: 0/22       AC:  4    Str: 13    XL:     2   Next: 65%
Magic:  5/5        EV:  9    Int: 13    God:
Gold:   37         SH:  0    Dex: 10    Spells: 4/5 levels left

rFire   . . .      SeeInvis +     - Unarmed
rCold   . . .      Faith    .   (no shield)
rNeg    . . .      Spirit   .   a - +0 robe
rPois   .          Reflect  .   (helmet currently unavailable)
rElec   .          Harm     .   (no cloak)
rCorr   .          Rampage  .   (no gloves)
Will    .....                   (no barding)
Stlth   +.........              (no amulet)
HPRegen 0.07/turn               (no ring)
MPRegen 0.09/turn               (no ring)

@: lethally poisoned (0 -> -6), appendages (expiring)
A: horns 2, talons 2, large, rugged brown scales 3, see invisible, deformed
body, roll 1, armoured tail
a: Rolling Charge, End Transformation


You were on level 2 of the Dungeon.
You had temporarily grown beastly horns and talons.
You visited 1 branch of the dungeon, and saw 2 of its levels.

You collected 37 gold pieces.

Inventory:

Missiles
 c - 5 stones
 g - 8 arrows
Armour
 a - a +0 robe (worn)
Scrolls
 b - a scroll of immolation {unknown}
 d - a scroll of holy word {unknown}
 f - a scroll of teleportation {unknown}
 h - a scroll of identify {unknown}
Potions
 e - a potion of ambrosia {unknown}


   Skills:
 - Level 1.0 Fighting
 - Level 1.5 Dodging
 + Level 3.5 Unarmed Combat
 - Level 2.0 Spellcasting
 + Level 2.7 Transmutations


You had 4 spell levels left.
You knew the following spells:

 Your Spells              Type           Power      Damage    Failure   Level
a - Beastly Appendage     Tmut           16%        N/A       9%          1

Your spell library contained the following spells:

 Spells                   Type           Power      Damage    Failure   Level
 Wereblood                Tmut           8%         N/A       13%         2
 Corpse Rot               Necr/Air       2%         N/A       36%         2
 Poisonous Vapours        Pois/Air       2%         N/A       36%         2
 Spider Form              Tmut/Pois      4%         N/A       41%         3
 Ice Form                 Ice/Tmut       4%         N/A       82%         4


Dungeon Overview and Level Annotations

Branches:
Dungeon (2/15)

Altars:

Annotations:
D:2 Ijyb


Innate Abilities, Weirdness & Mutations

You have temporarily grown beastly horns and talons.
You are completely covered in rugged brown scales. (AC +3, +7% HP)
You have supernaturally acute eyesight. (SInv)
Armour fits poorly on your strangely shaped body.
You can roll at nearby foes to attack.
You have a long armoured tail.


Message History

You kill the bat!
You barely miss the adder. Your kick misses the adder.
The adder barely misses you.
You hit the adder. Your headbutt misses the adder.
The adder is heavily wounded.
The adder barely misses you.
You barely miss the adder. Your kick misses the adder.
Your tail-slap misses the adder.
The adder is heavily wounded.
The rat bites you but does no damage. The adder barely misses you.
You miss the adder. Your kick misses the adder.
Your tail-slap misses the adder.
The adder is heavily wounded.
The adder bites you. The rat closely misses you.
You miss the adder. Your kick misses the adder.
The adder is heavily wounded.
The adder bites you. The rat barely misses you. The adder bites you.
You are poisoned.
The adder poisons you!
You closely miss the adder. Your kick misses the adder.
Your tail-slap misses the adder.
The adder is heavily wounded.
You feel sick. The rat bites you but does no damage.
The adder bites you but does no damage.
You hit the adder. Your headbutt misses the adder.
The adder is heavily wounded.
You feel sick. The adder bites you. The rat bites you.
You are too injured to fight recklessly!
You are too injured to fight recklessly!
You feel sick.
You feel sick. The adder bites you.
* * * LOW HITPOINT WARNING * * *
You are lethally poisoned!
The adder poisons you!
* * * LOW HITPOINT WARNING * * *
You feel sick.
Your transformation is almost over.
* * * LOW HITPOINT WARNING * * *
You feel sick.
You die...

#.. ..
######.# .#
...##.# .#
###.##.##.#
#......rr.#
#.#....#..#
#<..S#..#
#.##.#...#
#.##@#.#.#
####.#.#.#
..#.#.#
####.# #
#.#
#8....)8#
#.......#
#8.....8#
#..g....# #


You could see an adder and a rat.

Vanquished Creatures
  2 bats
  A giant cockroach (D:1)
  7 goblins (D:1)
  2 hobgoblins (D:1)
  A ball python (D:1)
  2 frilled lizards (D:1)
  3 kobolds (D:1)
  A rat (D:1)
19 creatures vanquished.

Notes
Turn   | Place    | Note
-------+----------+-------------------------------------------
     0 | D:1      | lessens the Palentonga Transmuter began the quest for the
                  | Orb.
     0 | D:1      | Reached XP level 1. HP: 16/16 MP: 3/3
   630 | D:1      | Reached XP level 2. HP: 22/22 MP: 3/5
  1367 | D:2      | Noticed Ijyb
  1436 | D:2      | Succumbed to an adder's poison

Illustrated notes

Levels and vault maps discovered:
D:1:      eino_arrival_water_star, layout_basic
D:2:      kennysheep_the_goblin_king, layout_basic,
          hellmonk_ecumenical_altar_blasted

Action                   || total
-------------------------++-------
Melee: Unarmed           ||    57
       Kick              ||     9
       Headbutt          ||     1
       Punch             ||     2
 Cast: Beastly Appendage ||    13
 Stab: Sleeping          ||     1
Armor: Robe              ||    15
Dodge: Dodged            ||    20

Table legend: (Time is in decaauts)
 A = Elapsed time spent in this place.
 B = Non-inter-level travel time spent in this place.
 C = Inter-level travel time spent in this place.
 D = Time resting spent in this place.
 E = Time spent auto-exploring this place.
 F = Levels seen in this place.
 G = Mean time per level.
                   A        B        C        D        E       F      G
               +--------+--------+--------+--------+--------+-----+--------+
         Total |   1436 |   1355 |     81 |      0 |   1179 |   2 |  718.0 |
       Dungeon |   1436 |   1355 |     81 |      0 |   1179 |   2 |  718.0 |
               +--------+--------+--------+--------+--------+-----+--------+

Top non-repeatable levels by time:
     D:1: 1395 daAuts
     D:2: 40 daAuts
